[ AOE2 MATCH · #505552577 ]
UnrankedMongols vs Ethiopians
Player's team · WIN
[ REPLAY ANALYSIS · EXTRACTED FROM THE RECORDED GAME ]
Feudal
11:07
Castle
14:56
Imperial
32:53
| APM avg | 62.5 |
| APM peak | 144 |
| eAPM avg | 32.1 |
| Villagers / military | 167 / 35 |
Focus
⚔️ 23.5% · 🌾 76.5%
Mangudai ×18 · Trebuchet (Packed) ×6 · Mangonel ×5 · Scorpion ×3 · Knight ×2 · Battering Ram ×1
Feudal
12:18
Castle
24:33
Imperial
32:16
| APM avg | 29.7 |
| APM peak | 99 |
| eAPM avg | 12.9 |
| Villagers / military | 69 / 31 |
Focus
⚔️ 29.4% · 🌾 70.6%
Archer ×26 · Trebuchet (Packed) ×3 · Bombard Cannon ×2
Match map
Initial resources + every placement click. Lines = walls · curves = elevation contours. ◆ gold · ⬟ stone · ● berries · ✦ relic · ◌ wall gap
Your base· ✓ Closed at 14:56 · 12t walls · no gate
[TOO] Der First's base· ✓ Closed at 24:33 · 8t walls · no gate
Smoothed initial terrain · ◌ = detected wall gap · hover for details
Inputs per minute
— topito - - [TOO] Der First
Build order — topito
First 150 of 346 actions detected
| 0:02 | Queue | Villager (Male) |
| 0:02 | Queue | Villager (Male) |
| 0:02 | Queue | Villager (Male) |
| 0:02 | Queue | Villager (Male) |
| 0:03 | Build | House |
| 0:05 | Build | House |
| 1:31 | Queue | Villager (Male) |
| 1:31 | Queue | Villager (Male) |
| 1:51 | Build | Lumber Camp |
| 2:01 | Queue | Villager (Male) |
| 2:01 | Queue | Villager (Male) |
| 2:21 | Queue | Villager (Male) |
| 2:54 | Queue | Villager (Male) |
| 2:54 | Queue | Villager (Male) |
| 2:54 | Queue | Villager (Male) |
| 3:15 | Queue | Villager (Male) |
| 3:15 | Queue | Villager (Male) |
| 3:16 | Queue | Villager (Male) |
| 3:41 | Queue | Villager (Male) |
| 3:42 | Queue | Villager (Male) |
| 3:42 | Queue | Villager (Male) |
| 3:42 | Queue | Villager (Male) |
| 3:53 | Queue | Villager (Male) |
| 3:54 | Queue | Villager (Male) |
| 3:54 | Queue | Villager (Male) |
| 3:56 | Build | House |
| 4:24 | Queue | Villager (Male) |
| 4:38 | Research | Loom |
| 4:39 | Research | Loom |
| 5:22 | Queue | Villager (Male) |
| 5:33 | Queue | Villager (Male) |
| 5:47 | Queue | Villager (Male) |
| 6:04 | Queue | Villager (Male) |
| 6:32 | Queue | Villager (Male) |
| 6:51 | Build | House |
| 7:21 | Build | House |
| 7:27 | Build | Mill |
| 7:39 | Queue | Villager (Male) |
| 7:40 | Queue | Villager (Male) |
| 7:50 | Build | House |
| 8:08 | Queue | Villager (Male) |
| 8:24 | Build | House |
| 8:51 | Research | Feudal Age |
| 8:51 | Research | Feudal Age |
| 9:03 | Build | Mining Camp |
| 9:11 | Build | Farm |
| 9:25 | Build | Palisade Wall |
| 9:50 | Build | Farm |
| 9:51 | Build | Farm |
| 10:59 | Build | Farm |
| 11:07 | Age | Feudal Age |
| 11:08 | Build | Blacksmith |
| 11:09 | Queue | Villager (Male) |
| 11:09 | Queue | Villager (Male) |
| 11:18 | Build | Market |
| 11:42 | Build | Farm |
| 12:10 | Build | Farm |
| 12:16 | Research | Castle Age |
| 12:17 | Research | Castle Age |
| 12:17 | Research | Castle Age |
| 12:55 | Research | Double-Bit Axe |
| 12:55 | Research | Double-Bit Axe |
| 14:28 | Queue | Villager (Male) |
| 14:30 | Queue | Villager (Male) |
| 14:56 | Age | Castle Age |
| 15:02 | Build | Town Center |
| 15:04 | Queue | Villager (Male) |
| 15:12 | Build | Town Center |
| 15:15 | Research | Bow Saw |
| 15:15 | Research | Bow Saw |
| 15:15 | Research | Bow Saw |
| 15:52 | Queue | Villager (Male) |
| 16:07 | Build | Mining Camp |
| 16:14 | Build | Barracks |
| 16:35 | Build | House |
| 16:38 | Build | House |
| 16:41 | Build | Farm |
| 16:44 | Queue | Villager (Male) |
| 16:56 | Build | House |
| 17:17 | Build | Stable |
| 17:20 | Queue | Villager (Male) |
| 17:20 | Queue | Villager (Male) |
| 17:28 | Build | Farm |
| 17:30 | Queue | Villager (Male) |
| 17:36 | Queue | Villager (Male) |
| 17:37 | Queue | Villager (Male) |
| 17:37 | Queue | Villager (Male) |
| 17:38 | Queue | Villager (Male) |
| 17:44 | Build | Farm |
| 17:46 | Build | Farm |
| 17:52 | Queue | Villager (Male) |
| 18:08 | Queue | Knight |
| 18:09 | Queue | Knight |
| 18:27 | Build | Farm |
| 18:29 | Build | Farm |
| 18:33 | Queue | Villager (Male) |
| 18:34 | Queue | Villager (Male) |
| 18:34 | Queue | Villager (Male) |
| 18:51 | Build | Farm |
| 18:51 | Build | Farm |
| 18:52 | Build | Farm |
| 18:55 | Build | Farm |
| 18:57 | Queue | Villager (Male) |
| 18:57 | Queue | Villager (Male) |
| 19:06 | Build | Farm |
| 19:08 | Build | Farm |
| 19:29 | Queue | Villager (Male) |
| 19:32 | Build | Farm |
| 19:34 | Build | Farm |
| 19:42 | Build | Farm |
| 19:58 | Build | Mining Camp |
| 20:15 | Build | Siege Workshop |
| 20:16 | Queue | Villager (Male) |
| 20:18 | Queue | Villager (Male) |
| 20:31 | Build | Farm |
| 20:33 | Build | Farm |
| 20:38 | Queue | Villager (Male) |
| 20:50 | Queue | Villager (Male) |
| 20:51 | Queue | Villager (Male) |
| 20:56 | Build | Farm |
| 20:56 | Build | Farm |
| 20:57 | Build | Farm |
| 20:57 | Build | Farm |
| 21:00 | Build | Farm |
| 21:14 | Queue | Scorpion |
| 21:18 | Queue | Villager (Male) |
| 21:19 | Queue | Villager (Male) |
| 21:19 | Queue | Villager (Male) |
| 21:27 | Build | Farm |
| 21:31 | Queue | Villager (Male) |
| 21:43 | Build | Farm |
| 21:45 | Build | Farm |
| 21:54 | Queue | Mangonel |
| 21:55 | Queue | Mangonel |
| 21:55 | Queue | Mangonel |
| 21:58 | Queue | Villager (Male) |
| 21:58 | Queue | Villager (Male) |
| 21:58 | Queue | Villager (Male) |
| 22:05 | Build | Farm |
| 22:05 | Build | Farm |
| 22:06 | Queue | Villager (Male) |
| 22:16 | Queue | Villager (Male) |
| 22:26 | Queue | Villager (Male) |
| 22:27 | Queue | Villager (Male) |
| 22:27 | Build | Farm |
| 22:27 | Build | Farm |
| 22:41 | Queue | Villager (Male) |
| 22:42 | Queue | Villager (Male) |
| 22:42 | Queue | Villager (Male) |
| 23:19 | Queue | Villager (Male) |
Build order — [TOO] Der First
First 150 of 172 actions detected
| 0:00 | Queue | Villager (Male) |
| 0:00 | Queue | Villager (Male) |
| 0:01 | Queue | Villager (Male) |
| 0:02 | Build | House |
| 0:03 | Build | House |
| 0:07 | Research | Loom |
| 0:07 | Queue | Villager (Male) |
| 0:08 | Queue | Villager (Male) |
| 0:18 | Queue | Villager (Male) |
| 0:18 | Queue | Villager (Male) |
| 0:36 | Build | Palisade Wall |
| 2:18 | Queue | Villager (Male) |
| 2:50 | Build | Palisade Wall |
| 2:55 | Build | Lumber Camp |
| 2:57 | Queue | Villager (Male) |
| 2:57 | Queue | Villager (Male) |
| 3:34 | Queue | Villager (Male) |
| 3:34 | Queue | Villager (Male) |
| 4:07 | Queue | Villager (Male) |
| 4:07 | Queue | Villager (Male) |
| 5:17 | Queue | Villager (Male) |
| 5:17 | Queue | Villager (Male) |
| 5:17 | Queue | Villager (Male) |
| 5:18 | Queue | Villager (Male) |
| 5:18 | Queue | Villager (Male) |
| 5:21 | Queue | Villager (Male) |
| 5:21 | Queue | Villager (Male) |
| 5:40 | Build | House |
| 5:42 | Queue | Villager (Male) |
| 5:43 | Queue | Villager (Male) |
| 6:05 | Queue | Villager (Male) |
| 6:05 | Queue | Villager (Male) |
| 6:35 | Queue | Villager (Male) |
| 6:52 | Queue | Villager (Male) |
| 6:52 | Queue | Villager (Male) |
| 7:42 | Build | House |
| 7:55 | Queue | Villager (Male) |
| 7:55 | Queue | Villager (Male) |
| 8:05 | Build | Mill |
| 8:20 | Queue | Villager (Male) |
| 10:08 | Research | Feudal Age |
| 10:23 | Build | Outpost |
| 10:30 | Build | Barracks |
| 11:49 | Queue | Villager (Male) |
| 11:50 | Queue | Villager (Male) |
| 11:52 | Build | House |
| 12:09 | Build | Outpost |
| 12:18 | Age | Feudal Age |
| 12:20 | Build | Mining Camp |
| 12:29 | Build | Archery Range |
| 12:39 | Research | Town Watch |
| 12:51 | Queue | Villager (Male) |
| 13:20 | Queue | Archer |
| 13:20 | Queue | Archer |
| 13:21 | Queue | Archer |
| 13:21 | Queue | Archer |
| 13:35 | Build | Blacksmith |
| 13:44 | Queue | Archer |
| 13:44 | Queue | Archer |
| 13:49 | Queue | Villager (Male) |
| 13:49 | Queue | Villager (Male) |
| 13:50 | Queue | Villager (Male) |
| 14:01 | Queue | Archer |
| 14:02 | Queue | Archer |
| 14:08 | Research | Double-Bit Axe |
| 14:22 | Queue | Villager (Male) |
| 14:30 | Build | House |
| 14:46 | Research | Fletching |
| 14:48 | Queue | Villager (Male) |
| 15:18 | Research | Padded Archer Armor |
| 15:21 | Queue | Archer |
| 15:21 | Queue | Archer |
| 15:24 | Queue | Villager (Male) |
| 15:24 | Queue | Villager (Male) |
| 15:27 | Build | House |
| 15:51 | Queue | Archer |
| 15:51 | Queue | Archer |
| 16:40 | Queue | Villager (Male) |
| 16:41 | Queue | Villager (Male) |
| 16:46 | Build | Farm |
| 16:47 | Build | Farm |
| 17:30 | Queue | Villager (Male) |
| 17:30 | Queue | Villager (Male) |
| 17:33 | Queue | Archer |
| 17:33 | Queue | Archer |
| 17:34 | Queue | Archer |
| 17:34 | Queue | Archer |
| 17:37 | Build | House |
| 17:40 | Build | Farm |
| 17:43 | Build | Farm |
| 17:43 | Build | Farm |
| 17:44 | Build | Farm |
| 18:33 | Queue | Villager (Male) |
| 18:37 | Build | Farm |
| 18:45 | Build | House |
| 18:47 | Build | Farm |
| 18:49 | Build | Farm |
| 18:50 | Queue | Villager (Male) |
| 18:58 | Queue | Villager (Male) |
| 19:01 | Build | Farm |
| 19:06 | Build | House |
| 19:08 | Queue | Archer |
| 19:33 | Build | Farm |
| 19:34 | Queue | Villager (Male) |
| 19:38 | Build | Farm |
| 19:38 | Build | Farm |
| 19:38 | Build | Farm |
| 19:44 | Queue | Villager (Male) |
| 20:13 | Queue | Archer |
| 20:14 | Queue | Archer |
| 20:19 | Build | Farm |
| 20:31 | Queue | Villager (Male) |
| 21:00 | Build | Market |
| 21:20 | Queue | Archer |
| 21:44 | Build | House |
| 21:53 | Research | Castle Age |
| 22:20 | Build | Farm |
| 22:34 | Build | Mining Camp |
| 24:33 | Age | Castle Age |
| 24:41 | Research | Crossbowman (upgrade) |
| 24:43 | Research | Bodkin Arrow |
| 24:47 | Queue | Villager (Male) |
| 24:48 | Queue | Villager (Male) |
| 24:48 | Queue | Villager (Male) |
| 24:57 | Build | Town Center |
| 25:03 | Build | Town Center |
| 25:12 | Research | Horse Collar |
| 25:13 | Research | Bow Saw |
| 25:51 | Queue | Archer |
| 26:34 | Queue | Villager (Male) |
| 26:34 | Queue | Villager (Male) |
| 27:25 | Build | Farm |
| 27:27 | Build | Farm |
| 27:29 | Build | Farm |
| 28:05 | Build | Castle |
| 28:30 | Research | Wheelbarrow |
| 29:06 | Research | Imperial Age |
| 29:21 | Build | Siege Workshop |
| 29:27 | Build | Archery Range |
| 29:28 | Build | Archery Range |
| 29:32 | Queue | Villager (Male) |
| 29:33 | Queue | Villager (Male) |
| 29:34 | Queue | Villager (Male) |
| 29:34 | Queue | Villager (Male) |
| 29:44 | Build | Farm |
| 30:00 | Queue | Villager (Male) |
| 30:01 | Queue | Villager (Male) |
| 30:24 | Build | Farm |
| 30:28 | Queue | Archer |
| 30:28 | Queue | Archer |
Match timeline
| 0:36 | [TOO] Der First · wall_segment Palisade Wall x8 |
| 2:50 | [TOO] Der First · wall_segment Palisade Wall x1 |
| 9:25 | topito · wall_segment Palisade Wall x12 |
| 10:30 | [TOO] Der First · first_building Barracks |
| 11:07 | topito · age_up feudal |
| 12:18 | [TOO] Der First · age_up feudal |
| 12:29 | [TOO] Der First · first_building Archery Range |
| 14:56 | topito · age_up castle |
| 16:14 | topito · first_building Barracks |
| 17:17 | topito · first_building Stable |
| 20:15 | topito · first_building Siege Workshop |
| 21:06 | topito · first_market_sell 100 food |
| 24:33 | [TOO] Der First · age_up castle |
| 28:03 | topito · first_building Castle |
| 28:05 | [TOO] Der First · first_building Castle |
| 29:21 | [TOO] Der First · first_building Siege Workshop |
| 32:16 | [TOO] Der First · age_up imperial |
| 32:42 | [TOO] Der First · first_market_sell 100 food |
| 32:53 | topito · age_up imperial |
| 35:42 | topito · first_market_buy 100 stone |
| 37:13 | [TOO] Der First · resign |
[ AI ANALYSIS · 1 CREDIT ]
What really happened in this match?
Wolo.gg analyzes every decision: build order, eco, micro, common mistakes by bracket. Personalized analysis on WhatsApp or Discord in 30 seconds.
Civ guide
Mongols
Perfil
Jugador #2015973